 Dungeon Crawl Stone Soup version 0.26.1-2-gb8aa6d0cf2 (webtiles) character file.

Game seed: 8715773537265091018

39 sking99 the Sneak (level 3, 0/19 HPs)
             Began as a Kobold Enchanter on Feb 19, 2021.
             Slain by a quasit (2 damage)
             ... on level 4 of the Dungeon.
             The game lasted 00:04:13 (1289 turns).

sking99 the Sneak (Kobold Enchanter)                Turns: 1289, Time: 00:04:14

Health: 0/19       AC:  2    Str:  6    XL:     3   Next: 67%
Magic:  1/6        EV: 15    Int: 16    God:
Gold:   94         SH:  0    Dex: 15    Spells: 3/6 levels left

rFire    . . .     SeeInvis .   a - +1 dagger
rCold    . . .     Faith    .   (shield restricted)
rNeg     . . .     Spirit   .   b - +0 robe
rPois    .         Reflect  .   (no helmet)
rElec    .         Harm     .   (no cloak)
rCorr    .         Rampage  .   (no gloves)
Will     .....                  (no boots)
Stlth    ++++......             (no amulet)
HPRegen  0.06/turn              (no ring)
MPRegen  0.10/turn              (no ring)

@: no status effects
A: small, nightstalker 3
a: no special abilities


You were on level 4 of the Dungeon.
You visited 1 branch of the dungeon, and saw 3 of its levels.

You collected 94 gold pieces.

Inventory:

Hand Weapons
 a - a +1 dagger (weapon)
Armour
 b - a +0 robe (worn)
Scrolls
 c - a scroll of magic mapping {unknown}
 f - 2 scrolls of teleportation {unknown}
 g - 2 scrolls of fear {unknown}
 j - a scroll of identify {unknown}
 k - a scroll of enchant weapon {unknown}
 l - a scroll of immolation {unknown}
 m - a scroll of random uselessness {unknown}
Potions
 d - 2 potions of curing {unknown}
 e - a potion of berserk rage {unknown}
 h - a potion of mutation {unknown}
 i - 2 potions of lignification {unknown}


   Skills:
 * Level 3.0 Short Blades
 - Level 2.4 Dodging
 + Level 4.5 Stealth
 + Level 2.2 Spellcasting
 + Level 3.3 Hexes
 + Level 0.5 Ice Magic


You had 3 spell levels left.
You knew the following spells:

 Your Spells              Type           Power        Failure   Level
a - Corona                Hex            13%          5%          1
b - Ensorcelled Hibernat  Hex/Ice        16%          14%         2

Your spell library contained the following spells:

 Spells                   Type           Power        Failure   Level
 Confusing Touch          Hex            12%          16%         3
 Tukima's Dance           Hex            12%          16%         3
 Dazzling Flash           Conj/Hex       14%          30%         3


Dungeon Overview and Level Annotations

Branches:
Dungeon (2/15)

Altars:


Innate Abilities, Weirdness & Mutations

You are small and have problems with some larger weapons.
You are completely attuned to the shadows.


Message History

The quasit gives a chilling moan.
You hit the hound.
The hound is heavily wounded.
The hound completely misses you.
You hit the hound.
The hound is severely wounded.
The hound barely misses you. The hound closely misses you.
You hit the hound.
The hound is severely wounded.
The hound misses you.
You hit the hound.
The hound is almost dead.
The hound bites you.
* * * LOW HITPOINT WARNING * * *
The quasit misses you. The quasit closely misses you.
The quasit claws you but does no damage.
You closely miss the hound.
The hound is almost dead.
The hound barely misses you. The quasit bites you.
You die...

#... . #..# .
###..##########.
................ .. ....
##.†####.####.. ...
..####.Z####.# #..
#.###.##.......#.# #..
#...#.##.###.#.#.# #..
####.....@h.# #.....# #..
.......#5##.###.#.######..
.5...)##.##.....#....o.o..
#####.#...##...##.######..
#..........##.# #..
####)#...##...##.# #..
........########.# #o.
####.##..........# #..
#.###########.# #.o


You could see a hound and a quasit.

Vanquished Creatures
  A gnoll (D:1)
  An ooze (D:1)
  An orc (D:4)
  3 goblins (D:1)
  A hobgoblin (D:1)
  5 jackals
  4 kobolds (D:1)
  A bat (D:1)
  A frilled lizard (D:1)
  3 rats (D:1)
21 creatures vanquished.

Notes
Turn   | Place    | Note
-------+----------+-------------------------------------------
     0 | D:1      | sking99 the Kobold Enchanter began the quest for the Orb.
     0 | D:1      | Reached XP level 1. HP: 10/10 MP: 3/3
   317 | D:1      | Reached XP level 2. HP: 15/15 MP: 5/5
   608 | D:1      | Learned a level 2 spell: Ensorcelled Hibernation
   688 | D:1      | Reached XP level 3. HP: 16/19 MP: 1/6
  1170 | D:2      | You fall into a shaft and drop 2 floors!
  1289 | D:4      | Slain by a quasit

Illustrated notes

Levels and vault maps discovered:
D:1:      minmay_arrival_five_plusses, layout_rooms
D:2:      layout_loops_corners
D:4:      layout_loops_ring

Skill      XL: |  1  2  3 |
---------------+----------+-----
Short Blades   | 2 3 |  3.0
Dodging        | |  2.4
Stealth        | |  4.5
Spellcasting   | |  2.2
Hexes          | |  3.3
Ice Magic      | |  0.5

Action                   || total
-------------------------++-------
Melee: Dagger            ||    66
 Cast: Corona            ||     7
       Ensorcelled Hiber ||    12
 Stab: Sleeping          ||    14
Armor: Robe              ||    11
Dodge: Dodged            ||    79
